 Dungeon Crawl Stone Soup version 0.28.0-1-gb440e238dd (webtiles) character file.

Game seed: 1643545560341736244

2942 PoweredByGinger the Cleaver (level 9, -22/71 HPs)
             Began as a Minotaur Fighter on Feb 19, 2022.
             Was a Follower of Okawaru.
             Annihilated by an orc knight (26 damage)
             ... in a bailey.
             The game lasted 00:10:26 (7571 turns).

PoweredByGinger the Cleaver (Minotaur Fighter)      Turns: 7571, Time: 00:10:27

Health: -22/71     AC:  6    Str: 24    XL:     9   Next: 51%
Magic:  8/8        EV:  9    Int:  5    God:    Okawaru [*.....]
Gold:   370        SH:  6    Dex: 11    Spells: 8/8 levels left

rFire   . . .      SeeInvis .   a - +0 war axe (vorpal)
rCold   . . .      Faith    .   c - +0 buckler
rNeg    . . .      Spirit   .   b - +0 scale mail
rPois   .          Reflect  .   (helmet restricted)
rElec   .          Harm     .   (no cloak)
rCorr   .          Rampage  .   (no gloves)
Will    +....                   (no boots)
Stlth   ..........              n - amulet of regeneration
HPRegen 1.01/turn               i - ring of willpower
MPRegen 0.11/turn               (no ring)

@: mighty
A: horns 2, retaliatory headbutt
a: Renounce Religion, Heroism


You were in a bailey.
You worshipped Okawaru.
Okawaru was aware of your devotion.
You visited 2 branches of the dungeon, and saw 9 of its levels.
You also visited: Ossuary and Bailey.

You collected 412 gold pieces.
You spent 42 gold pieces at shops.

Inventory:

Hand Weapons
 a - a +0 vorpal war axe (weapon)
 p - a +0 hand axe of venom
Missiles
 s - 7 boomerangs
 t - 5 curare-tipped darts
 v - 2 atropa-tipped darts (quivered)
 w - 28 poisoned darts
 y - 31 bolts
 D - 24 arrows
Armour
 b - a +0 scale mail (worn)
 c - a +0 buckler (worn)
Jewellery
 i - a ring of willpower (left hand)
 n - an amulet of regeneration (around neck)
Wands
 A - a wand of flame (15)
 C - a wand of iceblast (3)
Scrolls
 e - 4 scrolls of vulnerability
 f - 4 scrolls of fog
 g - a scroll of fear
 j - 2 scrolls of blinking
 m - a scroll of silence
 x - a scroll of holy word
Potions
 h - 3 potions of haste {unknown}
 k - a potion of attraction {unknown}
 l - 2 potions of heal wounds
 o - 2 potions of magic
 q - 3 potions of berserk rage {unknown}
 r - 3 potions of curing
 u - 2 potions of mutation {unknown}
 z - a potion of flight {unknown}
 B - a potion of cancellation {unknown}


   Skills:
 + Level 3.8 Fighting
 + Level 12.7 Axes
 - Level 3.6 Armour
 * Level 10.2 Shields


You had 8 spell levels left.
You didn't know any spells.
Your spell library contained the following spells:

 Spells                   Type           Power      Damage    Failure   Level
 Apportation              Tloc           0%         N/A       83%         1
 Ensorcelled Hibernation  Hex/Ice        0%         N/A       93%         2
 Passwall                 Tmut/Erth      0%         N/A       93%         2
 Swiftness                Air            0%         N/A       99%         3
 Alistair's Intoxication  Tmut/Pois      0%         N/A       100%        5
 Summon Ice Beast         Ice/Summ       Unusable   N/A       N/A         4
 Summon Mana Viper        Hex/Summ       Unusable   N/A       N/A         5
 Monstrous Menagerie      Summ           Unusable   N/A       N/A         7

Dungeon Overview and Level Annotations

Branches:
Dungeon (8/15)             Temple (1/1) D:6         Ossuary (visited)
 Bailey (1/1)
   Lair: D:8-11

Altars:
Ashenzari
Cheibriados
Dithmenos
Elyvilon
Fedhas
Gozag
Hepliaklqana
Kikubaaqudgha
Makhleb
Nemelex Xobeh
Okawaru
Qazlal
Ru
Sif Muna
Trog
Wu Jian
Xom
Yredelemnul
Zin
The Shining One

Shops:
D:7 (   D:8 *


Innate Abilities, Weirdness & Mutations

You have a pair of horns on your head.
You reflexively headbutt those who attack you in melee.


Message History

The orc knight is moderately wounded.
You slash the orc warrior!
You kill the orc warrior!
Okawaru accepts your kill.
The orc knight hits you with a +0 bardiche!!
* * * LOW HITPOINT WARNING * * *
You feel much better.
The orc knight hits you with a +0 bardiche!!
* * * LOW HITPOINT WARNING * * *
You feel much better.
The orc knight hits you with a +0 bardiche!
* * * LOW HITPOINT WARNING * * *
You feel much better. The orc knight closely misses you.
You slash the orc knight! You headbutt the orc knight!
The orc knight is heavily wounded.
You block the orc knight's attack.
You closely miss the orc knight.
The orc knight is heavily wounded.
The orc knight hits you with a +0 bardiche!
You barely miss the orc knight. You headbutt the orc knight!
The orc knight is severely wounded.
The orc knight hits you with a +0 bardiche!
You completely miss the orc knight.
The orc knight is heavily wounded.
You block the orc knight's attack.
You hit the orc knight.
The orc knight is severely wounded.
The orc knight hits you with a +0 bardiche!!
* * * LOW HITPOINT WARNING * * *
You barely miss the orc knight. You headbutt the orc knight!
The orc knight is almost dead.
You hit the orc knight but do no damage.
You headbutt the orc knight.
The orc knight is almost dead.
The orc knight hits you with a +0 bardiche.
* * * LOW HITPOINT WARNING * * *
You barely miss the orc knight.
The orc knight is almost dead.
The orc knight hits you with a +0 bardiche!!
You die...

####### ############
###.....## ##....)..)∩.##
.#.).....######.....#).))..#
.'.(.##..#.)..#....###.)...#
.'....8..).)..)o@...8.....∩#
.'...##..#....#)...###.....#
.#.......######.....#......#
###.....## ##........∩.##
####### ############


You could see an orc knight.

Vanquished Creatures
  Grinder (D:4)
  An acid dragon (D:7)
  2 water moccasins (D:6)
  4 orc warriors (Bailey)
  2 ogres (D:7)
  A centaur (D:5)
  A phantom (D:5)
  2 kobold brigands
  An elf zombie (Ossuary)
  A gnoll sergeant (D:7)
  3 scorpions
  A water moccasin zombie (D:4)
  5 wights
  A bullfrog zombie (D:7)
  4 centaur zombies
  A human zombie (Ossuary)
  A jelly (D:6)
  An orc priest (D:4)
  2 hounds
  An iron imp (D:3)
  A gnoll shaman (D:5)
  Jessica (D:2)
  2 centaur skeletons
  6 iguanas
  3 orc wizards
  A hound skeleton (D:5)
  A hound zombie (D:5)
  2 mummies (Ossuary)
  8 gnolls
  A howler monkey skeleton (D:7)
  6 adders
  A white imp (D:6)
  An ufetubus (D:6)
  2 adder skeletons (D:4)
  5 adder zombies (Ossuary)
  A worm (D:2)
  26 orcs
  4 ball pythons
  A bat (D:3)
  7 endoplasms
  3 giant cockroaches
  10 goblins
  5 hobgoblins
  4 jackals
  14 kobolds
  5 quokkas
  7 hobgoblin zombies (Ossuary)
  A jackal zombie (Ossuary)
  9 kobold zombies (Ossuary)
  11 orc zombies (Ossuary)
  6 rats (D:2)
191 creatures vanquished.

Vanquished Creatures (others)
  7 plants (D:5)
7 creatures vanquished.

Grand Total: 198 creatures vanquished

Notes
Turn   | Place    | Note
-------+----------+-------------------------------------------
     0 | D:1      | PoweredByGinger the Minotaur Fighter began the quest for
                  | the Orb.
     0 | D:1      | Reached XP level 1. HP: 19/19 MP: 0/0
   246 | D:1      | Reached XP level 2. HP: 26/26 MP: 1/1
   356 | D:1      | Found a faded altar of an unknown god.
   359 | D:1      | Reached skill level 3 in Axes
  1190 | D:2      | Reached XP level 3. HP: 31/31 MP: 2/2
  1407 | D:2      | Noticed Jessica
  1412 | D:2      | Killed Jessica
  1630 | D:2      | Reached skill level 4 in Axes
  1994 | D:3      | Reached skill level 5 in Shields
  1994 | D:3      | Reached XP level 4. HP: 39/39 MP: 3/3
  2361 | D:3      | Found a snail-covered altar of Cheibriados.
  2370 | D:3      | Reached skill level 5 in Axes
  2370 | D:3      | Reached XP level 5. HP: 43/45 MP: 4/4
  2505 | D:3      | Found a glowing silver altar of Zin.
  2513 | D:3      | Found a blossoming altar of Fedhas.
  2618 | D:4      | Found a sand-covered staircase.
  2623 | Ossuary  | Entered an ossuary
  2787 | Ossuary  | Reached skill level 6 in Axes
  2787 | Ossuary  | Reached XP level 6. HP: 48/51 MP: 5/5
  2940 | D:4      | Found a stormy altar of Qazlal.
  3027 | D:4      | Reached skill level 7 in Axes
  3294 | D:4      | Reached XP level 7. HP: 44/57 MP: 6/6
  3466 | D:4      | Noticed Grinder
  3476 | D:4      | Killed Grinder
  3477 | D:4      | Reached skill level 8 in Axes
  3772 | D:5      | Entered Level 5 of the Dungeon
  4222 | D:5      | Reached skill level 9 in Axes
  4243 | D:5      | Reached XP level 8. HP: 61/64 MP: 7/7
  4811 | D:6      | Reached skill level 10 in Axes
  4944 | D:6      | Found a shimmering altar of Xom.
  5046 | D:6      | Found a staircase to the Ecumenical Temple.
  5093 | D:6      | HP: 3/64 [poisoned by a water moccasin]
  5095 | D:6      | HP: 1/64 [poisoned by a water moccasin]
  5100 | D:6      | HP: 1/64 [poisoned by a water moccasin]
  5104 | Temple   | Entered the Ecumenical Temple
  5376 | Temple   | Became a worshipper of Warmaster Okawaru
  5468 | D:6      | Found a hazy altar of Hepliaklqana.
  5494 | D:6      | Reached skill level 11 in Axes
  5952 | D:7      | Found Lar Byu's Weapon Shop.
  5965 | D:7      | Reached XP level 9. HP: 66/66 MP: 8/8
  6563 | D:7      | Reached * piety under Okawaru
  6564 | D:7      | Reached skill level 12 in Axes
  6663 | D:7      | Found a sacrificial altar of Ru.
  6857 | D:8      | Found Meen's Assorted Antiques.
  6866 | D:8      | Bought a scroll of identify for 42 gold pieces
  7126 | D:8      | Found a flagged portal.
  7140 | Bailey   | Entered a bailey
  7471 | Bailey   | Reached skill level 10 in Shields
  7520 | Bailey   | Noticed an orc knight
  7561 | Bailey   | HP: 2/71 [orc knight (30)]
  7570 | Bailey   | HP: 3/71 [orc knight (4)]
  7571 | Bailey   | Annihilated by an orc knight

Illustrated notes

Levels and vault maps discovered:
D:1:      psy_arrival_radial01, layout_basic, basic_ecumenical_altar
D:2:      layout_loops_corners, kennysheep_nub, minmay_rat_gold_closets,
          uniq_jessica
D:3:      minmay_diamond_boxcup, layout_loops_ring, slow_altar_1,
          mainiacjoe_overflow_big_doors
D:4:      layout_basic, grunt_qazlal_clouds, enter_ossuary_5, uniq_grinder
D:5:      layout_loops_ring, serial_bayou, serial_bayou_lagoon_a,
          serial_bayou_pond_b, serial_bayou_crossing, serial_bayou_lake_a
D:6:      layout_loops_ring, lemuel_round_altar, overflow_temple_1_default,
          minmay_temple_entry_hall
D:7:      layout_loops_ring, mainiacjoe_overflow_alcove_2, serial_shops,
          nicolae_shop_crystal, minmay_strange_pillars
D:8:      layout_loops_corners, serial_shops, nicolae_stop_n_shop_2,
          gammafunk_ghost_necromancy, enter_bailey_4, corexii_checkpoint_a
Temple:   nicolae_temple_figure_eight
Bailey:   bailey_polearm_5, bailey

Skill      XL: |  1  2  3  4  5  6  7  8  9 |
---------------+----------------------------+-----
Shields        | 4 5 6 7 9 10 | 10.2
Axes           | 3 4 5 6 7 9 11 12 | 12.7
Fighting       | |  3.8
Armour         | |  3.6

Action                   |  1- 3 |  4- 6 |  7- 9 || total
-------------------------+-------+-------+-------++-------
Melee: War axe           |    46 |   185 |   251 ||   482
       Headbutt          |     7 |    28 |    52 ||    87
       Hand axe          |       |       |     5 ||     5
Throw: Boomerang         |       |       |     9 ||     9
       Dart              |       |       |     7 ||     7
Invok: Heroism           |       |       |     1 ||     1
Evoke: Wand              |       |       |     8 ||     8
  Use: Scroll            |       |     5 |     8 ||    13
       Potion            |       |       |     5 ||     5
 Stab: Invisible         |       |       |     1 ||     1
Armor: Scale mail        |    18 |    67 |    76 ||   161
Dodge: Dodged            |    18 |    71 |   106 ||   195
Block: Buckler           |     7 |    48 |    70 ||   125
